 Dungeon Crawl Stone Soup version 0.17-a0-1846-g2561f35 (webtiles) character file.

809 Geeful the Insei (level 8, 0/58 HPs)
             Began as a Human Wanderer on Sept 17, 2015.
             Slain by Edmund
             ... wielding a +2 flail of protection
              (6 damage)
             ... on level 5 of the Dungeon.
             The game lasted 00:18:27 (6228 turns).

Geeful the Insei (Human Wanderer)                   Turns: 6228, Time: 00:18:27

Health: 0/58       AC:  8    Str: 12    XL:     8   Next: 15%
Magic:  8/8        EV: 10    Int: 21    God:
Gold:   326        SH:  0    Dex: 16    Spells: 0 memorised, 7 levels left

rFire  . . .     SeeInvis .       - Unarmed
rCold  . . .     Clarity  .     t - +0 scale mail of Pathos {*Drain Int+5 Dex+4}
rNeg   . . .     SustAt   .     (no shield)
rPois  +         Gourm    .     f - +0 helmet
rElec  .         Spirit   .     (no cloak)
rCorr  .         Warding  .     (no gloves)
rMut   .         Rnd*Tele +     (no boots)
MR     .....                    (no amulet)
Stlth  +.........               n - ring of teleportation (curse)
                                h - ring of poison resistance

@: not resistant to hostile enchantments, very unstealthy
A: no striking features
a: Evoke Teleportation


You were on level 5 of the Dungeon.
You were not hungry.

You visited 1 branch of the dungeon, and saw 5 of its levels.

You collected 326 gold pieces.

Inventory:

Missiles
 l - 2 tomahawks (quivered)
Armour
 b - a +0 ring mail
 f - a +0 helmet (worn)
 j - a +0 scale mail
 t - the +0 scale mail of Pathos (worn) {*Drain Int+5 Dex+4}
   (You found it on level 4 of the Dungeon)

   It affects your intelligence (+5).
   It affects your dexterity (+4).
   It causes draining when unequipped.
Jewellery
 h - a ring of poison resistance (left hand)
 n - a cursed ring of teleportation (right hand)
Scrolls
 d - 2 scrolls of identify
 e - a scroll of amnesia
Potions
 i - a potion of mutation
 k - a potion of brilliance
Comestibles
 g - 5 bread rations
 m - 3 fruits
 p - a slice of pizza
 s - a beef jerky


   Skills:
 - Level 3.0 Fighting
   Level 1.0 Staves
   Level 2.0 Crossbows
 + Level 4.1 Armour
 + Level 3.8 Dodging
 - Level 2.0 Stealth
 * Level 6.1 Unarmed Combat
 - Level 1.0 Evocations


You had 7 spell levels left.
You didn't know any spells.

Dungeon Overview and Level Annotations

Branches:
Dungeon (5/15)
 Temple: D:4-7

Altars:
Fedhas
Trog
Yredelemnul

Annotations:
D:5 Edmund, Prince Ribbit


Message History

Prince Ribbit closely misses you.
You punch Prince Ribbit!
Prince Ribbit is moderately wounded.
Prince Ribbit barely misses you.
Edmund hits you with a flail of protection!
* * * LOW HITPOINT WARNING * * *
Drink which item? (? for menu, Esc to quit)
You feel better. Prince Ribbit hits you!
* * * LOW HITPOINT WARNING * * *
Prince Ribbit hits you!
* * * LOW HITPOINT WARNING * * *
Drink which item? (? for menu, Esc to quit)
You feel better. Edmund barely misses you.
Prince Ribbit hits you but does no damage.
You hit Prince Ribbit.
Prince Ribbit is moderately wounded.
Prince Ribbit hits you.
* * * LOW HITPOINT WARNING * * *
Edmund hits you with a flail of protection.
You die...

#....# .# .###.# .#
†###.# .# ...#.## .#
......##.#########
.#.#.............#
.#.##.##.#######.#
.#.##.##.# #F#
.........# #@#
......##.#######@###
.†.........).......#
.........#######.#.#
(.......## #.#.#
.....#..# ..#.#
#...##..# ####.#
##.###..# #.#
#......## #(#


You could see Edmund and Prince Ribbit.

Vanquished Creatures
  Eustachio (D:5)
  A phantom (D:4)
  A centaur (D:4)
  An ogre (D:4)
  3 orc priests
  A giant frog skeleton (D:5)
  An iguana (D:4)
  A jelly (D:5)
  3 worker ants
  2 worker ant zombies (D:5)
  8 adders
  2 giant geckos
  7 orcs
  2 ball pythons
  10 bats
  8 giant cockroaches
  10 goblins
  10 hobgoblins
  2 quokkas
  A giant gecko skeleton (D:5)
  5 giant newts
  4 jackals (D:3)
  A jackal zombie (D:5)
  8 kobolds
  A quokka skeleton (D:5)
  15 rats
109 creatures vanquished.

Notes
Turn   | Place    | Note
--------------------------------------------------------------
     0 | D:1      | Geeful the Human Wanderer began the quest for the Orb.
     0 | D:1      | Geeful set off with: a +2 hand crossbow, 29 bolts, a potion of curing, a potion of lignification, a +0 robe, a +0 dagger, a bread ration
     0 | D:1      | Reached XP level 1. HP: 18/18 MP: 1/1
   238 | D:1      | Reached XP level 2. HP: 8/24 MP: 2/2
   664 | D:1      | Reached skill level 1 in Dodging
   732 | D:1      | Reached skill level 1 in Unarmed Combat
  1086 | D:1      | Reached XP level 3. HP: 25/29 MP: 3/3
  1886 | D:2      | Reached XP level 4. HP: 35/35 MP: 4/4
  3245 | D:3      | Reached XP level 5. HP: 39/41 MP: 5/5
  3476 | D:3      | Found a bloodstained altar of Trog.
  3662 | D:4      | Noticed a centaur
  3776 | D:4      | Noticed an ogre
  3798 | D:4      | Killed an ogre
  3798 | D:4      | Reached XP level 6. HP: 35/47 MP: 6/6
  3814 | D:4      | Reached skill level 4 in Unarmed Combat
  3815 | D:4      | Found a blossoming altar of Fedhas.
  3837 | D:4      | Killed a centaur
  4492 | D:4      | Noticed a phantom
  4493 | D:4      | Got an encrusted scale mail
  4527 | D:3      | Identified the cursed +0 scale mail of Pathos {*Drain Int+5 Dex+4} (You found it on level 4 of the Dungeon)
  4593 | D:4      | Killed a phantom
  4593 | D:4      | Reached XP level 7. HP: 23/52 MP: 7/7
  5037 | D:5      | Entered Level 5 of the Dungeon
  5075 | D:5      | Reached skill level 5 in Unarmed Combat
  5182 | D:5      | Noticed Eustachio
  5219 | D:5      | Killed Eustachio
  5551 | D:4      | Reached XP level 8. HP: 29/58 MP: 8/8
  5800 | D:5      | Reached skill level 6 in Unarmed Combat
  6149 | D:5      | Found a basalt altar of Yredelemnul.
  6188 | D:5      | Noticed Prince Ribbit
  6220 | D:5      | Noticed Edmund
  6226 | D:5      | HP: 2/58 [Prince Ribbit (7)]
  6228 | D:5      | Slain by Edmund

Vault maps used:
D:1:      wheals_arrival_shading
D:3:      first_bread, trog_book
D:4:      fedhas_altar_2, grunt_decor_clamped
D:5:      lemuel_doored_altar, cheibriados_altar_1, portal_sewer_entry_b,
          uniq_menkaure, uniq_prince_ribbit1, uniq_eustachio, uniq_edmund

Action                   |  1- 3 |  4- 6 |  7- 9 || total
-------------------------+-------+-------+-------++-------
Melee: Unarmed           |   209 |   325 |   189 ||   723
Throw: Tomahawk          |       |     2 |       ||     2
  Use: Scroll            |     2 |     9 |       ||    11
       Potion            |     1 |     1 |     2 ||     4
 Stab: Sleeping          |     3 |     1 |       ||     4
  Eat: Chunk             |     3 |     7 |     6 ||    16
       Pizza             |       |     1 |       ||     1
